 Dungeon Crawl Stone Soup version 0.30-a0-964-gd452b5e7fa (webtiles) character file.

Game seed: 9383986316473656345

812 vishdafish the Conjurer (level 7, -1/69 HPs)
             Began as a Demonspawn Conjurer on Mar 30, 2023.
             Was an Initiate of Vehumet.
             Slain by an ice beast (13 damage)
             ... on level 5 of the Dungeon.
             The game lasted 00:07:02 (5036 turns).

vishdafish the Conjurer (Demonspawn Conjurer)       Turns: 5036, Time: 00:07:02

Health: -1/69      AC: 23    Str:  7    XL:     7   Next: 61%
Magic:  13/15      EV:  2    Int: 21    God:    Vehumet [......]
Gold:   306        SH:  0    Dex: 12    Spells: 16/17 levels left

rFire   . . .      SeeInvis .    k - +0 long sword
rCold   . . .      Faith    .    (no shield)
rNeg    . . .      Spirit   .    a - melded +0 robe
rPois   +          Reflect  .    (helmet currently unavailable)
rElec   .          Rampage  .    (cloak currently unavailable)
rCorr   .          NoTele   +    v - melded +0 pair of gloves
Will    .....                    (boots currently unavailable)
Stlth   ++                       (no amulet)
HPRegen 0.31/turn                (no ring)
MPRegen 0.28/turn                (no ring)

@: tree-form
A: stationary, stasis, torment immunity, boosted hp, (yellow scales 2), magic
regeneration, (weakness stinger 1)
a: Renounce Religion


You were on level 5 of the Dungeon.
You worshipped Vehumet.
Vehumet was noncommittal.
You were a tree.
You visited 2 branches of the dungeon, and saw 6 of its levels.

You collected 306 gold pieces.

Inventory:

Hand Weapons
 k - a +0 long sword (weapon)
Armour
 a - a +0 robe (melded)
 v - a +0 pair of gloves (melded)
Wands
 o - a wand of digging (9)
 t - a wand of iceblast (9)
Scrolls
 b - 2 scrolls of amnesia {unknown}
 c - 3 scrolls of identify {unknown}
 d - a scroll of immolation {unknown}
 f - 3 scrolls of noise {unknown}
 g - a scroll of torment {unknown}
 j - 2 scrolls of magic mapping {unknown}
 p - 2 scrolls of enchant armour {unknown}
Potions
 e - 3 potions of flight
 i - 3 potions of heal wounds {unknown}
 m - 2 potions of berserk rage {unknown}
 n - a potion of degeneration {unknown}
 q - 5 potions of brilliance {unknown}
 r - a potion of might {unknown}
 s - a potion of attraction {unknown}
 w - 2 potions of haste


   Skills:
 - Level 2.0 Dodging
 - Level 2.1 Stealth
 + Level 5.7 Spellcasting
 + Level 7.2 Conjurations


You had 16 spell levels left.
You knew the following spells:

 Your Spells              Type           Power      Damage    Failure   Level
a - Magic Dart            Conj           100%       1d8       1%          1

Your spell library contained the following spells:

 Spells                   Type           Power      Damage    Failure   Level
 Searing Ray              Conj           72%        2d7       1%          2
 Dazzling Flash           Conj/Hex       42%        N/A       7%          3
 Apportation              Tloc           12%        N/A       10%         1
 Necrotise                Necr           24%        1d5       10%         1
 Summon Small Mammal      Summ           24%        N/A       10%         1
 Fulminant Prism          Conj/Hex       10%        3d9       22%         4
 Iskenderun's Mystic Bla  Conj/Tloc      21%        2d6       22%         4
 Call Canine Familiar     Summ           6%         N/A       30%         3
 Ignite Poison            Fire/Tmut/Pois 6%         N/A       30%         3
 Kindle Blastsparks       Fire/Tloc/Air  12%        2d11      30%         3
 Summon Guardian Golem    Hex/Summ       6%         N/A       30%         3
 Freezing Cloud           Conj/Ice/Air   8%         6-21      71%         5


Dungeon Overview and Level Annotations

Branches:
Dungeon (5/15)             Temple (1/1) D:4

Altars:
Ashenzari
Cheibriados
Dithmenos
Fedhas
Gozag
Hepliaklqana
Kikubaaqudgha
Makhleb
Nemelex Xobeh
Okawaru
Qazlal
Ru
Sif Muna
Trog
Uskayaw
Vehumet
Xom

Annotations:
D:1 2 transporters


Innate Abilities, Weirdness & Mutations

You are a tree.
Your roots penetrate the ground, keeping you stationary.
You cannot be teleported.
You are immune to unholy pain and torment.
Your maximum health is greatly increased.
Your equipment is partially melded.
((You are mostly covered in yellow scales. (AC +3)))
You regenerate magic rapidly.
((You have a small tail.))


Message History

* * * LOW HITPOINT WARNING * * *
You feel better.
The ice beast hits you but does no damage.
The orc priest hits you but does no damage.
Throw: throwing net
Press: ? - help, Q - select action, (/) - cycle Shift-Dir - straight line, f/p - orc priest
Aim: an orc priest, wielding a +0 flail (almost dead, 56% to hit)
You throw a throwing net. The throwing net hits the orc priest.
The orc priest is caught in the net!
The orc priest is almost dead.
The ice beast hits you but does no damage.
The orc priest struggles against the net.
Aiming: Magic Dart (safe; 1% risk of failure)
Press: ? - help, Q - select action, (/) - cycle Shift-Dir - straight line, f/p - orc priest
Aim: an orc priest, wielding a +0 flail (almost dead, entangled in a net, 100% to hit)
The magic dart hits the orc priest!
You kill the orc priest!
Vehumet accepts your kill.
The ice beast hits you but does no damage.
The quokka bites you but does no damage.
Aiming: Magic Dart (safe; 1% risk of failure)
Press: ? - help, Q - select action, (/) - cycle Shift-Dir - straight line, f - ice beast
Aim: an ice beast (heavily wounded, 100% to hit)
The magic dart hits the ice beast but does no damage.
The ice beast is heavily wounded.
The ice beast hits you.
* * * LOW HITPOINT WARNING * * *
The ice beast freezes you.
* * * LOW HITPOINT WARNING * * *
The quokka barely misses you.
Unknown command.
Aiming: Magic Dart (safe; 1% risk of failure)
Press: ? - help, Q - select action, (/) - cycle Shift-Dir - straight line, f/p - ice beast
Aim: an ice beast (heavily wounded, 100% to hit)
The magic dart hits the ice beast.
The ice beast is severely wounded.
The ice beast hits you.
* * * LOW HITPOINT WARNING * * *
The ice beast freezes you!
You die...

........# ##.#....##
..>.....# #.##......##
........# ).##.#..#.##
........# ..##....#.##
........### ..##.#....##
........'.# ..##....#.##
........#.# ..##.#..#.##
........#.# ##Yr##.#....##
........#.# ###.♣.###......#
#########.###...###.#..#.#+#
#.#...###.#....### ##
#.#.###.#....###
.########.#'#.#..#.###
.##.....#.#......###
.##.###.#....#.### .##.#
#.#.#..### ###.###.#.####


You could see an ice beast and a quokka.

Vanquished Creatures
  Sigmund (D:3)
  2 phantoms
  A scorpion (D:4)
  A howler monkey (D:5)
  2 jellies (D:4)
  2 orc priests
  A hound (D:4)
  An iguana (D:4)
  7 adders
  7 gnolls
  An ufetubus (D:4)
  4 dart slugs
  4 orcs (D:4)
  5 bats
  4 endoplasms
  4 giant cockroaches
  7 goblins
  8 hobgoblins
  4 quokkas
  5 ball pythons
  2 frilled lizards
  4 kobolds
  7 rats
84 creatures vanquished.

Vanquished Creatures (others)
  6 fungi (D:1)
  4 plants (D:3)
  4 toadstools (D:1)
14 creatures vanquished.

Grand Total: 98 creatures vanquished

Notes
Turn   | Place    | Note
-------+----------+-------------------------------------------
     0 | D:1      | vishdafish the Demonspawn Conjurer began the quest for the
                  | Orb.
     0 | D:1      | Reached XP level 1. HP: 13/13 MP: 3/3
   140 | D:1      | Gained mutation: You have a small tail. [demonic ancestry]
   140 | D:1      | Reached XP level 2. HP: 19/19 MP: 1/5
   644 | D:1      | Gained mutation: You are partially covered in yellow
                  | scales. (AC +2) [demonic ancestry]
   644 | D:1      | Reached XP level 3. HP: 24/24 MP: 2/6
  1329 | D:2      | Reached XP level 4. HP: 30/30 MP: 0/8
  2163 | D:3      | Reached skill level 5 in Conjurations
  2315 | D:3      | Noticed Sigmund
  2335 | D:3      | Killed Sigmund
  2336 | D:3      | Gained mutation: You regenerate magic rapidly. [demonic
                  | ancestry]
  2336 | D:3      | Reached XP level 5. HP: 33/35 MP: 0/11
  2336 | D:3      | Reached XP level 6. HP: 39/41 MP: 0/12
  2622 | D:3      | Found a sacrificial altar of Ru.
  3136 | D:4      | Reached skill level 6 in Conjurations
  3506 | D:4      | Reached skill level 5 in Spellcasting
  3506 | D:4      | Gained mutation: You are mostly covered in yellow scales.
                  | (AC +3) [demonic ancestry]
  3506 | D:4      | Reached XP level 7. HP: 46/46 MP: 4/14
  3541 | D:4      | Found a shimmering altar of Xom.
  3788 | D:4      | Found a staircase to the Ecumenical Temple.
  3909 | Temple   | Entered the Ecumenical Temple
  4214 | Temple   | Became a worshipper of Vehumet
  4415 | D:5      | Entered Level 5 of the Dungeon
  4663 | D:5      | Reached skill level 7 in Conjurations
  5036 | D:5      | Slain by an ice beast

Illustrated notes

Levels and vault maps discovered:
D:1:      spicycebolla_arrival_transporter_tutorial, layout_loops_ring,
          minmay_gold_behind_fungi
D:2:      layout_basic, nicolae_titane
D:3:      layout_loops_corners, mainiacjoe_overflow_surrounded_room,
          overflow_temple_1_default, guppyfry_early_lair_pool, uniq_sigmund
D:4:      layout_gridville, mainiacjoe_overflow_six_doors_small,
          minmay_temple_entry_proselytizer
D:5:      minmay_razor_zed, layout_basic
Temple:   minmay_temple_bridge_d

Skill      XL: |  1  2  3  4  5  6  7 |
---------------+----------------------+-----
Dodging        | 2 |  2.0
Stealth        | 2 |  2.1
Spellcasting   | 3 4 5 |  5.7
Conjurations   | 5 6 7 |  7.2

Action                     |  1- 3 |  4- 6 |  7- 9 || total
---------------------------+-------+-------+-------++-------
  Melee: Tailslap          |     1 |       |     2 ||     3
         Unarmed           |     1 |       |       ||     1
         Long sword        |       |       |     5 ||     5
  Throw: Throwing net      |       |       |     2 ||     2
   Cast: Magic Dart        |    68 |   106 |    73 ||   247
    Use: Potion            |     1 |     3 |     2 ||     6
   Stab: Held in net/web   |       |       |     1 ||     1
 Armour: Skin              |       |     6 |     6 ||    12
         Robe              |       |     8 |    13 ||    21
  Dodge: Dodged            |     6 |     7 |    27 ||    40

Table legend: (Time is in decaauts)
 A = Elapsed time spent in this place.
 B = Non-inter-level travel time spent in this place.
 C = Inter-level travel time spent in this place.
 D = Time resting spent in this place.
 E = Time spent auto-exploring this place.
 F = Levels seen in this place.
 G = Mean time per level.
                   A        B        C        D        E       F      G
               +--------+--------+--------+--------+--------+-----+--------+
         Total |   5039 |   4697 |    342 |      0 |   4169 |   6 |  839.8 |
       Dungeon |   4660 |   4471 |    189 |      0 |   3957 |   5 |  932.0 |
        Temple |    378 |    225 |    153 |      0 |    212 |   1 |  378.0 |
               +--------+--------+--------+--------+--------+-----+--------+

Top non-repeatable levels by time:
     D:1: 1140 daAuts
     D:4: 1032 daAuts
     D:2: 990 daAuts
     D:3: 928 daAuts
     D:5: 568 daAuts
  Temple: 378 daAuts
